AoeStats
← KERİMOĞLU

QS Arena

503197822Analyzed
3v3 RM · 2mo ago on Aug 30, 2026· 45m 15s· 6 players
Game mode
Random Map
Map size
Normal (6 player)
Population
200
Speed
Normal
Resources
Standard
Victory
Conquest
Starting age
Dark Age
Ending age
Imperial Age
RankedLock teamsTeams togetherTeam positionsShared explorationLock speedFull tech treeHidden civsTurbo modeCheats
Victory
Defeat
🇹🇷 Inca · Türkiye
1060
+16
🇹🇷 Gurjaras · Türkiye
1039
+17
🇦🇹 Italians · Austria
1032
+17
vs
🇧🇷 Armenians · Brazil
1066
-17
🇧🇷 Franks · Brazil
1063
-17
🇧🇷 Italians · Brazil
1030
-15
KERİMOĞLU
7:55 Feudal Age
13:30 Castle Age
13:05 Double-Bit Axe
13:03 Horse Collar
14:18 Double-Bit Axe
20:19 Stone Mining
20:43 Scale Mail Armor
22:48 Wheelbarrow
23:24 Chain Mail Armor
24:01 Bow Saw
24:38 Forging
24:56 Heavy Plow
24:20 Champi Runner
25:34 Squires
25:38 Gold Mining
25:21 Champi Warrior
26:51 Iron Casting
30:51 Imperial Age
30:06 Andean Sling
30:24 Hand Cart
31:17 Gold Shaft Mining
32:03 Plate Mail Armor
31:12 Elite Champi Warrior
32:10 Elite Kamayuk
34:09 Blast Furnace
34:06 Onager
35:59 Siege Engineers
37:53 Fletching
41:26 Fabric Shields
43:28 Crop Rotation
m99oige
0:39 Loom
9:28 Feudal Age
13:38 Castle Age
11:40 Horse Collar
12:46 Double-Bit Axe
15:40 Bow Saw
19:00 Wheelbarrow
19:06 Bow Saw
19:29 Heavy Plow
21:19 Hand Cart
21:47 Gold Mining
21:49 Stone Mining
23:11 Gold Shaft Mining
23:45 Stone Shaft Mining
26:23 Treadmill Crane
26:40 Murder Holes
26:57 Masonry
27:01 Forging
26:52 Scale Mail Armor
27:57 Kshatriyas
27:39 Arson
28:33 Iron Casting
30:32 Imperial Age
28:39 Chain Mail Armor
31:06 Bloodlines
30:56 Husbandry
31:15 Scale Barding Armor
30:44 Elite Chakram Thrower
31:45 Conscription
32:32 Chemistry
31:52 Ballistics
32:05 Plate Mail Armor
32:50 Heavy Camel Rider
33:57 Chain Barding Armor
34:57 Frontier Guards
35:54 Plate Barding Armor
35:10 Elite Shrivamsha Rider
risadevenganza
2:27 Loom
8:13 Feudal Age
12:31 Castle Age
10:27 Double-Bit Axe
10:44 Horse Collar
14:34 Town Watch
15:26 Wheelbarrow
20:51 Pikeman
22:15 Hand Cart
23:39 Heavy Plow
24:22 Town Patrol
24:36 Bow Saw
28:05 Imperial Age
25:31 Fletching
25:46 Padded Archer Armor
26:32 Bodkin Arrow
26:32 Gold Mining
26:33 Stone Mining
27:16 Leather Archer Armor
29:31 Conscription
30:22 Two-Man Saw
30:00 Stone Shaft Mining
30:04 Bracer
30:34 Ring Archer Armor
31:16 Scale Mail Armor
32:06 Guilds
31:45 Treadmill Crane
32:55 Crop Rotation
34:06 Forging
34:13 Chain Mail Armor
34:22 Squires
34:08 Arson
34:42 Onager
40:37 Elite Genoese Crossbowman
41:54 Hoardings
43:05 Iron Casting
43:16 Plate Mail Armor
Titus Pullo
8:57 Feudal Age
12:48 Castle Age
10:57 Double-Bit Axe
15:13 Bow Saw
21:25 Wheelbarrow
25:20 Gold Mining
28:06 Imperial Age
26:07 Scale Barding Armor
26:13 Forging
27:59 Chain Barding Armor
28:15 Iron Casting
28:08 Husbandry
28:10 Cavalier
29:33 Plate Barding Armor
29:45 Paladin
32:56 Blast Furnace
31:48 Fletching
32:44 Chivalry
Perfect Storm
9:14 Feudal Age
10:40 Double-Bit Axe
12:59 Castle Age
10:42 Horse Collar
14:20 Light Cavalry
18:18 Loom
19:13 Bow Saw
21:04 Wheelbarrow
22:24 Heavy Plow
22:43 Gold Mining
27:06 Imperial Age
25:07 Fletching
25:26 Scale Barding Armor
25:49 Bloodlines
25:48 Husbandry
26:03 Bodkin Arrow
26:44 Ballistics
27:17 Chain Barding Armor
26:55 Loom
26:56 Town Watch
27:28 Hand Cart
27:43 Padded Archer Armor
28:50 Chemistry
27:55 Bracer
28:40 Fortified Wall
28:42 Masonry
29:04 Pirotechnia
29:41 Leather Archer Armor
32:00 Ring Archer Armor
32:27 Hoardings
34:47 Two-Man Saw
34:17 Crop Rotation
33:39 Stone Mining
33:50 Town Patrol
34:28 Conscription
36:16 Plate Barding Armor
35:02 Hussar
36:43 Forging
37:06 Architecture
36:31 Murder Holes
36:57 Bombard Tower
36:18 Treadmill Crane
36:43 Elite Genoese Crossbowman
39:01 Caravan
41:14 Iron Casting
kaitosama
9:05 Feudal Age
13:25 Castle Age
11:38 Double-Bit Axe
14:25 Bow Saw
24:16 Wheelbarrow
23:35 Loom
28:27 Imperial Age
26:16 Hand Cart
25:48 Horse Collar
25:44 Man-at-Arms
26:31 Long Swordsman
27:16 Scale Mail Armor
27:35 Gambesons
27:59 Heavy Plow
28:19 Chain Mail Armor
28:37 Squires
27:59 Two-Handed Swordsman
29:02 Forging
29:37 Conscription
29:27 Fereters
28:47 Champion
30:50 Conscription
32:06 Plate Mail Armor
33:55 Iron Casting
34:00 Gold Mining
34:01 Stone Mining
33:48 Capped Ram
34:28 Fletching
34:35 Elite Composite Bowman
34:43 Siege Ram
36:46 Town Watch
36:59 Bodkin Arrow
38:18 Chemistry
37:38 Ballistics
38:08 Bracer
38:20 Fortified Wall
38:21 Masonry
39:14 Murder Holes
40:24 Caravan
40:11 Elite Skirmisher
41:52 Padded Archer Armor
42:52 Blast Furnace
Connection lost

Rejoining the realm…

Still unreachable

The connection could not be restored.

Session expired

The server has moved on; the page needs a fresh start.